 Dungeon Crawl Stone Soup version 0.23-a0-300-g6719eeacba (webtiles) character file.

0 Manul the Ducker (level 1, -12/11 HPs)
             Began as a Spriggan Abyssal Knight on Oct 7, 2018.
             Was a Follower of Lugonu.
             Killed from afar by a hell hog (21 damage)
             ... with a fireball
             ... on level 1 of the Abyss.
             The game lasted 00:00:52 (276 turns).

Manul the Ducker (Spriggan Abyssal Knight)           Turns: 276, Time: 00:00:52

Health: -12/11     AC:  2    Str:  8    XL:     1   Next: 0%
Magic:  3/3        EV: 18    Int: 13    God:    Lugonu [*.....]
Gold:   3          SH:  0    Dex: 15    Spells: 0/0 levels left

rFire    . . .     SeeInvis +   a - +1 short sword
rCold    . . .     Gourm    .   (shield restricted)
rNeg     . . .     Faith    .   b - +0 robe
rPois    .         Spirit   .   (helmet restricted)
rElec    .         Reflect  .   (no cloak)
rCorr    .         Harm     .   (gloves unavailable)
MR       .....                  (boots unavailable)
Stlth    +.........             (no amulet)
HPRegen  0.03/turn              (no ring)
MPRegen  0.08/turn              (no ring)

@: very quick
A: very small, unfitting armour, see invisible, herbivore, speed 3, slow
metabolism 2
a: Depart the Abyss, Renounce Religion


You were on level 1 of the Abyss.
You worshipped Lugonu.
Lugonu was aware of your devotion.
You were not hungry.

You visited 0 branches of the dungeon, and saw 0 of its levels.
You visited the Abyss 1 time.

You collected 3 gold pieces.

Inventory:

Hand Weapons
 a - a +1 short sword (weapon)
Armour
 b - a +0 robe (worn)
Comestibles
 c - 2 rations


   Skills:
 + Level 2.4 Fighting
 + Level 2.1 Short Blades
 + Level 3.5 Dodging
 + Level 1.7 Invocations


You couldn't memorise any spells.
You didn't know any spells.
Your spell library was empty.

Dungeon Overview and Level Annotations

Branches:
Dungeon (0/15)

Altars:


Innate Abilities, Weirdness & Mutations

You are very small and have problems with some larger weapons.
You are too small for most types of armour.
You have supernaturally acute eyesight. (SInv)
You are a herbivore.
You cover ground extremely quickly.
You need to consume almost no food.


Message History

Found 20 sling bullets.
You are suddenly pulled into a different region of the Abyss!
You are suddenly pulled into a different region of the Abyss!
You now have 3 gold pieces.
Found a club.
You enter the shallow water.
Moving in this stuff is going to be slow.
d - a scroll labeled XUBLOR HOUBURGH A thrashing horror emerges from the beyond.
As you read the scroll labeled XUBLOR HOUBURGH, it crumbles to dust.
You experience a momentary feeling of inescapable doom!
It was a scroll of random uselessness.
The thrashing horror roars!
A hell hog comes into view.
A chaos spawn comes into view.
The chaos spawn bleats!
The hell hog breathes fire at you.
The fireball explodes!
The fireball engulfs you!
Ouch! That really hurt!
You die...

≈. ##.#.#..#..#
≈#..#....#..###
....# #....#.#
≈#.#..#..##..#
≈≈...###..X...#
≈.##..#...###...#
≈≈ #...X#### ##.#
≈≈..####.#.## .h
. ≈. #.#@..# #§
#......#.#h.#
.#.####.4 #.. #
.# ...# #.# .##.
.# # .. . ... #
..


You could see a hell hog, a thrashing horror and a chaos spawn.

Vanquished Creatures (others)
  2 starspawn tentacles (Abyss:1)
2 creatures vanquished.

Notes
Turn   | Place    | Note
-------+----------+-------------------------------------------
     0 | Abyss:1  | Manul the Spriggan Abyssal Knight began the quest for the
                  | Orb.
     0 | Abyss:1  | Reached XP level 1. HP: 11/11 MP: 3/3
    59 | Abyss:1  | Noticed a small abomination
   116 | Abyss:1  | Noticed a small abomination
   127 | Abyss:1  | Noticed a smoke demon
   127 | Abyss:1  | Noticed a large abomination
   130 | Abyss:1  | Noticed a spatial vortex
   134 | Abyss:1  | Noticed a large abomination
   138 | Abyss:1  | Noticed a tentacled starspawn
   149 | Abyss:1  | Noticed a large abomination
   266 | Abyss:1  | Noticed a thrashing horror
   269 | Abyss:1  | Noticed a hell hog
   275 | Abyss:1  | Noticed a chaos spawn
   276 | Abyss:1  | Killed from afar by a hell hog

Vault maps used:
Abyss:1:  bh_silent_lugonu_exit

Action                   || total
-------------------------++-------
  Use: Scroll            ||     3

Table legend:
 A = Non-vault XP
 B = Vault XP
 C = Vault XP percentage of total XP
 D = Non-vault monster count
 E = Vault monster count
 F = Vault count percentage of total count
                 A         B        C        D         E       F
            +---------+---------+-------+---------+---------+-------
      Total |       0 |       0 |   N/A |       0 |       0 |  -nan
            +---------+---------+-------+---------+---------+-------
            +---------+---------+-------+---------+---------+-------
